 Dungeon Crawl Stone Soup version 0.28-a0-750-g7c675f85b1 (webtiles) character file.

Game seed: 16542277355525853843

25 ytrimaz the Grave Robber (level 2, -2/19 HPs)
             Began as a Demonspawn Necromancer on Oct 30, 2021.
             Slain by Sigmund (14 damage)
             ... on level 2 of the Dungeon.
             The game lasted 00:01:38 (1887 turns).

ytrimaz the Grave Robber (Demonspawn Necromancer)   Turns: 1887, Time: 00:01:39

Health: -2/19      AC:  2    Str:  8    XL:     2   Next: 86%
Magic:  0/5        EV: 12    Int: 16    God:
Gold:   46         SH:  0    Dex: 13    Spells: 4/5 levels left

rFire   . . .      SeeInvis .   i - +2 short sword (speed)
rCold   . . .      Faith    .   (no shield)
rNeg    . . .      Spirit   .   a - +0 robe
rPois   .          Reflect  .   (helmet restricted)
rElec   .          Harm     .   (no cloak)
rCorr   .          Rampage  .   (no gloves)
Will    .....                   (no boots)
Stlth   ++........              (no amulet)
HPRegen 0.06/turn               (no ring)
MPRegen 0.09/turn               (no ring)

@: no status effects
A: horns 1
a: no special abilities


You were on level 2 of the Dungeon.
You visited 1 branch of the dungeon, and saw 2 of its levels.

You collected 46 gold pieces.

Inventory:

Hand Weapons
 i - a +2 short sword of speed (weapon)
Armour
 a - a +0 robe (worn)
 g - a +0 plate armour
 h - a +0 kite shield
Wands
 k - a wand of charming (6)
Scrolls
 d - a scroll of identify {unknown}
 e - 3 scrolls of immolation {unknown}
 j - a scroll of magic mapping {unknown}
Potions
 b - a potion of ambrosia {unknown}
 c - a potion of heal wounds {unknown}
 f - 2 potions of curing {unknown}


   Skills:
 - Level 1.7 Dodging
 - Level 1.7 Stealth
 + Level 2.3 Spellcasting
 + Level 5.1 Necromancy


You had 4 spell levels left.
You knew the following spells:

 Your Spells              Type           Power      Damage    Failure   Level
a - Pain                  Necr           72%        1d7       2%          1

Your spell library contained the following spells:

 Spells                   Type           Power      Damage    Failure   Level
 Animate Skeleton         Necr           36%        N/A       2%          1
 Vampiric Draining        Necr           9%         2d7       7%          3
 Animate Dead             Necr           9%         N/A       24%         4
 Agony                    Necr           18%        N/A       54%         5


Dungeon Overview and Level Annotations

Branches:
Dungeon (2/15)

Altars:

Shops:
D:2 ?

Annotations:
D:2 Sigmund


Innate Abilities, Weirdness & Mutations

You have a pair of small horns on your head.


Message History

Found Gaasse's Magic Scroll Shoppe.
A bat is nearby!
The bat writhes in agony.
The bat barely misses you.
You miscast Pain.
You are very lightly contaminated with residual magic.
Nothing appears to happen.
The bat barely misses you. The bat hits you but does no damage.
The bat hits you but does no damage. The bat hits you.
Found 14 gold pieces and a dagger.
The bat hits you but does no damage.
The bat writhes in agony.
The bat barely misses you.
Sigmund the Dreaded comes into view.
He is wielding a +0 scythe.
The bat hits you. x2
There is an entrance to Gaasse's Magic Scroll Shoppe here.
Found an escape hatch in the ceiling.
Sigmund shouts!
The bat hits you but does no damage.
Your magical contamination has completely faded away.
The bat writhes in agony.
You kill the bat!
Sigmund writhes in agony.
A frilled lizard comes into view.
You are too depleted to draw on your mana recklessly!
You are too depleted to draw on your mana recklessly!
Sigmund gestures wildly while chanting.
Sigmund flickers and vanishes!
Deactivating autopickup; reactivate with Ctrl-A.
There is an entrance to Gaasse's Magic Scroll Shoppe here.
You see here a bat corpse.
Casting: Pain (safe; 2% risk of failure)
Confirm with . or Enter, or press ? or * to list all spells.
You can't see any susceptible monsters within range! (Use Z to cast anyway.)
There is a strange disturbance nearby!
Casting: Pain (safe; 2% risk of failure)
Confirm with . or Enter, or press ? or * to list all spells.
Aiming: Pain (safe; 2% risk of failure)
Press: ? - help, Shift-Dir - straight line Something writhes in agony.
Something hits you!
Ouch! That really hurt!
You die...

#### #### #). ...
#.## #####
######.###..##......
.........@{∩....$l..
#######.######.###..
.................
...####.#######.#l.
#............# ..
#............# <
#####.####...# #..#
..# ##.# ...


There were no monsters in sight!

Vanquished Creatures
  A ball python (D:1)
  2 endoplasms (D:1)
  2 giant cockroaches (D:1)
  3 goblins (D:1)
  3 hobgoblins (D:1)
  2 kobolds
  A quokka (D:1)
  3 bats
  3 frilled lizards
  5 rats
25 creatures vanquished.

Notes
Turn   | Place    | Note
-------+----------+-------------------------------------------
     0 | D:1      | ytrimaz the Demonspawn Necromancer began the quest for the
                  | Orb.
     0 | D:1      | Reached XP level 1. HP: 13/13 MP: 3/3
   716 | D:1      | Gained mutation: You have a pair of small horns on your
                  | head. [demonic ancestry]
   716 | D:1      | Reached XP level 2. HP: 15/19 MP: 0/5
   983 | D:1      | Reached skill level 5 in Necromancy
  1652 | D:2      | Found a faded altar of an unknown god.
  1871 | D:2      | Found Gaasse's Magic Scroll Shoppe.
  1877 | D:2      | Noticed Sigmund
  1887 | D:2      | Slain by Sigmund

Illustrated notes

Levels and vault maps discovered:
D:1:      sevenhm_arrival_forest_fort_small_6, layout_basic
D:2:      layout_basic, dreamdust_ecumenical_altar_angels_and_demons,
          serial_shops, shop, uniq_sigmund

Skill      XL: |  1  2 |
---------------+-------+-----
Necromancy     | 5 |  5.1
Dodging        | |  1.7
Stealth        | |  1.7
Spellcasting   | |  2.3

Action                   || total
-------------------------++-------
Melee: Short sword       ||     1
 Cast: Pain              ||    45
Armor: Robe              ||     5
Dodge: Dodged            ||    10

Table legend: (Time is in decaauts)
 A = Elapsed time spent in this place.
 B = Non-inter-level travel time spent in this place.
 C = Inter-level travel time spent in this place.
 D = Time resting spent in this place.
 E = Time spent auto-exploring this place.
 F = Levels seen in this place.
 G = Mean time per level.
                   A        B        C        D        E       F      G
               +--------+--------+--------+--------+--------+-----+--------+
         Total |   1885 |   1841 |     44 |    282 |   1347 |   2 |  942.5 |
       Dungeon |   1885 |   1841 |     44 |    282 |   1347 |   2 |  942.5 |
               +--------+--------+--------+--------+--------+-----+--------+

Top non-repeatable levels by time:
     D:1: 1633 daAuts
     D:2: 252 daAuts
